 Dungeon Crawl Stone Soup version 0.31-a0-831-g143b1e81fc (webtiles) character file.

Game seed: 6366023512023832298

80 Dirtsage the Chopper (level 4, -3/35 HPs)
             Began as a Demonspawn Fighter on Sept 24, 2023.
             Killed from afar by an orc wizard (9 damage)
             ... with a magic dart
             ... on level 3 of the Dungeon.
             The game lasted 00:02:02 (1728 turns).

Dirtsage the Chopper (Demonspawn Fighter)           Turns: 1728, Time: 00:02:03

Health: -3/35      AC:  8    Str: 18    XL:     4   Next: 18%
Magic:  4/4        EV:  7    Int:  9    God:
Gold:   108        SH:  0    Dex: 19    Spells: 3/3 levels left

rFire   . . .        a - +0 war axe
rCold   . . .        c - +0 buckler
rNeg    . . .        l - +0 chain mail
rPois   .            (no helmet)
rElec   .            (no cloak)
rCorr   .            (no gloves)
SInv    .            (no boots)
Will    .....        (no amulet) Stlth
                     f - +6 ring of dexterity
HPRegen 0.25/turn    (no ring)
MPRegen 0.09/turn

%: no passive effects
@: confused
A: hooves 2
a: no special abilities


You were on level 3 of the Dungeon.
You visited 1 branch of the dungeon, and saw 3 of its levels.

You collected 108 gold pieces.

Inventory:

Hand Weapons
 a - a +0 war axe (weapon)
Armour
 b - a +0 scale mail
 c - a +0 buckler (worn)
 l - a +0 chain mail (worn)
 m - a +2 helmet
Jewellery
 f - a +6 ring of dexterity (left hand)
Scrolls
 h - a scroll of enchant weapon {unknown}
 i - 3 scrolls of identify {unknown}
 j - a scroll of vulnerability {unknown}
 k - a scroll of blinking {unknown}
Potions
 d - 4 potions of might
 e - 2 potions of berserk rage {unknown}
 g - 2 potions of ambrosia {unknown}
 n - a potion of lignification {unknown}


   Skills:
 - Level 3.0 Fighting
 + Level 4.1 Axes
 - Level 2.6 Armour
 - Level 2.6 Shields


You had 3 spell levels left.
You didn't know any spells.
Your spell library contained the following spells:

 Spells                   Type           Power      Damage    Failure   Level
 Freeze                   Ice            0%         1d3       99%         1
 Cigotuvi's Dreadful Rot  Necr/Pois/Air  0%         N/A       100%        2
 Frozen Ramparts          Ice            0%         1d1       100%        3
 Hailstorm                Conj/Ice       0%         3d3       100%        3
 Volatile Blastmotes      Fire/Tloc      0%         2d10      100%        3
 Dispel Undead            Necr           0%         3d6       100%        4
 Fulminant Prism          Conj/Hex       0%         3d5       100%        4
 Iskenderun's Mystic Bla  Conj/Tloc      0%         2d3       100%        4
 Death Channel            Necr           0%         N/A       100%        6


Dungeon Overview and Level Annotations

Branches:
Dungeon (3/15)

Altars:


Innate Abilities, Weirdness & Mutations

You have hoof-like feet.


Message History

You kill the rat!
You hear some strange, mumbled words.
You are confused.
The orc hits you but does no damage. Something hits you but does no damage.
The orc attacks as it pursues you! The orc barely misses you.
Something hits you.
You take 3 damage, and have 18/35 hp.
You closely miss the orc. Your kick misses the orc.
The orc is almost dead.
You closely miss something. Something hits you.
The orc hits you but does no damage. Something hits you but does no damage.
You take 1 damage, and have 17/35 hp.
You miss something. Your kick misses something. You barely miss the orc.
The orc hits you with a +0 hand axe. Something hits you.
* * * LOW HITPOINT WARNING * * *
Something hits you.
* * * LOW HITPOINT WARNING * * *
The orc hits you but does no damage.
You take 10 damage, and have 7/35 hp.
MASSIVE DAMAGE!!
You closely miss the orc. Your kick misses the orc.
The orc is almost dead.
You miss something. Something hits you but does no damage.
The orc hits you but does no damage.
You hear some strange, mumbled words.
A magic dart appears from out of thin air!
The magic dart hits you.
* * * LOW HITPOINT WARNING * * *
You miss something. Your kick misses something. You closely miss the orc.
You feel less confused. The orc hits you but does no damage.
Something hits you but does no damage.
You hit something. You hit the orc.
You kill the orc!
You hear some strange, mumbled words.
You are confused.
Something hits you.
* * * LOW HITPOINT WARNING * * *
You take 2 damage, and have 5/35 hp.
A magic dart appears from out of thin air!
The magic dart hits you!
You die...

####.## #....#
########.####
#..........##
..#..#........###
....>...#.......##.
........#.){)......
......#.#.....#.##.
..#.......##@.#.# .
#####.#.##..#.# ####
#.........# #...
###..†....### #.#.
#.##.##.#.##### #...
...##.##..<....# ##.#
.....##........#.# #.#
#.......###.....#.#####.#
........###....#........#


There were no monsters in sight!

Vanquished Creatures
  2 adders (D:2)
  A worm (D:2)
  4 orcs (D:3)
  4 ball pythons
  A bat (D:1)
  7 endoplasms
  5 goblins
  8 hobgoblins
  3 quokkas
  2 frilled lizards
  6 kobolds
  5 rats
48 creatures vanquished.

Notes
Turn   | Place    | Note
-------+----------+-------------------------------------------
     0 | D:1      | Dirtsage the Demonspawn Fighter began the quest for the
                  | Orb.
     0 | D:1      | Reached XP level 1. HP: 18/18 MP: 1/1
   181 | D:1      | Reached skill level 2 in Axes
   198 | D:1      | You fall into a shaft and drop 1 floor!
   252 | D:2      | Gained mutation: You have large cloven feet. [demonic
                  | ancestry]
   252 | D:2      | Reached XP level 2. HP: 22/24 MP: 2/2
   288 | D:2      | Reached skill level 3 in Axes
   397 | D:1      | Reached XP level 3. HP: 29/29 MP: 3/3
  1554 | D:3      | Gained mutation: You have hoof-like feet. [demonic
                  | ancestry]
  1554 | D:3      | Reached XP level 4. HP: 35/35 MP: 4/4
  1561 | D:3      | Reached skill level 4 in Axes
  1728 | D:3      | Killed from afar by an orc wizard

Illustrated notes

Levels and vault maps discovered:
D:1:      minmay_arrival_jagged, layout_basic, minmay_small_reverse_x
D:2:      layout_loops_cross
D:3:      layout_loops_cross, serial_shops, nicolae_shop_tiny_real_fake_doors,
          minmay_hedge_maze

Skill      XL: |  1  2  3  4 |
---------------+-------------+-----
Axes           | 2 3 4 |  4.1
Fighting       | |  3.0
Armour         | |  2.6
Shields        | |  2.6

Action                     |  1- 3 |  4- 6 || total
---------------------------+-------+-------++-------
  Melee: War axe           |    84 |    20 ||   104
         Kick              |    18 |     2 ||    20
 Armour: Scale mail        |    35 |       ||    35
         Chain mail        |    15 |    36 ||    51
  Dodge: Dodged            |    32 |     6 ||    38
  Block: Buckler           |    17 |     4 ||    21

Table legend: (Time is in decaauts)
 A = Elapsed time spent in this place.
 B = Non-inter-level travel time spent in this place.
 C = Inter-level travel time spent in this place.
 D = Time resting spent in this place.
 E = Time spent auto-exploring this place.
 F = Levels seen in this place.
 G = Mean time per level.
                   A        B        C        D        E       F      G
               +--------+--------+--------+--------+--------+-----+--------+
         Total |   1766 |   1718 |     48 |      0 |   1401 |   3 |  588.7 |
       Dungeon |   1766 |   1718 |     48 |      0 |   1401 |   3 |  588.7 |
               +--------+--------+--------+--------+--------+-----+--------+

Top non-repeatable levels by time:
     D:1: 999 daAuts
     D:2: 556 daAuts
     D:3: 210 daAuts
